 Dungeon Crawl Stone Soup version 0.26-a0-1205-g4083c211ab (webtiles) character file.

Game seed: 7099338228674630566

200062 EnegeticOcto the Peltast (level 17, -11/146 (152) HPs)
             Began as a Demonspawn Wanderer on Dec 29, 2020.
             Was the Champion of Fedhas.
             Killed from afar by Asterion (25 damage)
             ... with a bolt of negative energy
             ... on level 3 of the Snake Pit.
             The game lasted 01:19:49 (48127 turns).

EnegeticOcto the Peltast (Demonspawn Wanderer)     Turns: 48127, Time: 01:19:50

HP:   -11/146 (152) AC: 36    Str: 32    XL:     17   Next: 86%
MP:   0/28          EV: 11    Int: 22    God:    Fedhas [******]
Gold: 700           SH: 24    Dex: 18    Spells: 16/16 levels left

rFire    . . .     SeeInvis +     - Unarmed
rCold    + . .     Faith    .   Q - +2 tower shield of Contentment {-Cast Str+2 Dex+3}
rNeg     . . .     Spirit   +   R - +4 plate armour {rC+}
rPois    +         Reflect  .   x - +1 helmet
rElec    .         Harm     .   M - +2 cloak {Will+}
rCorr    .         Rampage  .   (gloves unavailable)
Will     ++...     NoCast   +   A - +2 pair of boots
Stlth    ..........             c - amulet "Tyiwn" {Spirit Str+5 Slay+3}
HPRegen  0.34/turn              m - ring "Casuh" {*Contam Str+10 Int+6 Slay+3 SInv, =R}
MPRegen  0.21/turn              e - ring of poison resistance

@: mighty, sanguine armour, lightly drained
A: claws 3, powered by pain 1, robust 1, spiny 1, sanguine armour 2
}: 1/15 runes: decaying
a: Renounce Religion, Wall of Briars, Grow Ballistomycete, Overgrow, Grow Oklob


You were on level 3 of the Snake Pit.
You worshipped Fedhas.
Fedhas was exalted by your worship.
You visited 5 branches of the dungeon, and saw 30 of its levels.
You visited 1 bazaar.

You collected 3301 gold pieces.
You spent 2601 gold pieces at shops.

Inventory:

Missiles
 C - 3 curare-tipped darts (quivered)
Armour
 x - a +1 helmet (worn)
   (You bought it in a shop on level 9 of the Dungeon)
 A - a +2 pair of boots (worn)
   (You found it on level 3 of the Dungeon)
 M - a +2 cloak of willpower (worn)
   (You bought it in a shop in a bazaar)
 Q - the +2 tower shield of Contentment (worn) {-Cast Str+2 Dex+3}
   (You took it off Louise on level 15 of the Dungeon)

   It affects your strength (+2).
   It affects your dexterity (+3).
   It prevents spellcasting.
 R - a +4 plate armour of cold resistance (worn)
   (You took it off Louise on level 15 of the Dungeon)
Jewellery
 c - the amulet "Tyiwn" (around neck) {Spirit Str+5 Slay+3}
   (You bought it in a shop on level 14 of the Dungeon)

   [amulet of guardian spirit]

   It causes incoming damage to be split between your health and magic.
   It affects your strength (+5).
   It affects your accuracy and damage with ranged weapons and melee attacks
   (+3).
 e - a ring of poison resistance (right claw)
   (You found it on level 8 of the Dungeon)
 k - an uncursed ring of flight
   (You found it on level 1 of the Dungeon)
 m - the ring "Casuh" (left claw) {*Contam Str+10 Int+6 Slay+3 SInv, =R}
   (You bought it in a shop on level 2 of the Orcish Mines)

   [ring of intelligence]

   It affects your strength (+10).
   It affects your intelligence (+6).
   It affects your accuracy and damage with ranged weapons and melee attacks
   (+3).
   It lets you see invisible.
   It causes magical contamination when unequipped.
 F - an uncursed ring of protection from cold
   (You found it on level 5 of the Dungeon)
 T - an uncursed ring of protection from fire
   (You found it on level 1 of the Swamp)
Wands
 f - a wand of disintegration (10)
   (You found it on level 2 of the Snake Pit)
 t - a wand of enslavement (16)
   (You found it on level 5 of the Lair of Beasts)
 w - a wand of paralysis (8)
   (You found it on level 8 of the Dungeon)
 E - a wand of polymorph (3)
   (You took it off a wight on level 5 of the Dungeon)
 G - a wand of iceblast (21) {@v2}
   (You found it on level 14 of the Dungeon)
 H - a wand of flame (56) {@v4}
   (You took it off Ijyb on level 5 of the Dungeon)
 I - a wand of random effects (27)
   (You took it off Sigmund on level 5 of the Dungeon)
 J - a wand of acid (38) {@v1}
   (You found it on level 5 of the Dungeon)
 P - a wand of digging (7) {@v3}
   (You found it on level 15 of the Dungeon)
Scrolls
 d - 8 scrolls of remove curse {@r2}
 g - 6 scrolls of fear {!r}
 h - 10 scrolls of teleportation {@r3 !r}
 i - 5 scrolls of immolation
 j - 3 scrolls of magic mapping {@r5 !r}
 y - 3 scrolls of blinking {@r4}
 z - 4 scrolls of fog {!r}
 N - 6 scrolls of identify {@r1}
 S - a scroll of vulnerability
 U - a scroll of holy word
Potions
 a - 4 potions of mutation
 b - a potion of cancellation
 l - 14 potions of curing {@q1 !q}
 o - 5 potions of attraction
 p - 4 potions of lignification {@q6}
 q - 6 potions of ambrosia
 r - 2 potions of invisibility
 s - a potion of heal wounds {@q2 !q}
 u - 4 potions of might {@q3 !q}
 B - 9 potions of haste {@q4 !q}
 D - 2 potions of flight
 O - a potion of magic
Miscellaneous
 n - a condenser vane
   (You found it on level 2 of the Snake Pit)
 v - a tin of tremorstones (1/2)
   (You found it on level 11 of the Dungeon)
 L - a box of beasts
   (You found it on level 3 of the Lair of Beasts)


   Skills:
 + Level 14.0 Fighting
 - Level 4.3 Short Blades
 - Level 1.2 Polearms
 + Level 9.9 Armour
 + Level 7.1 Dodging
 - Level 1.0 Stealth
 * Level 15.0 Shields
 + Level 14.9 Unarmed Combat
 + Level 14.9 Invocations
 - Level 6.0 Evocations


You had 16 spell levels left.
You didn't know any spells.
Your spell library contained the following spells:

 Spells                   Type           Power        Failure   Level
 Animate Skeleton         Necr           0%           98%         1
 Apportation              Tloc           0%           98%         1
 Freeze                   Ice            0%           98%         1
 Pain                     Necr           0%           98%         1
 Shock                    Conj/Air       0%           98%         1
 Sting                    Tmut/Pois      0%           98%         1
 Summon Small Mammal      Summ           0%           98%         1
 Call Imp                 Summ           0%           99%         2
 Corpse Rot               Necr/Air       N/A          99%         2
 Poisonous Vapours        Pois/Air       0%           99%         2
 Sublimation of Blood     Necr           0%           99%         2
 Swiftness                Air            0%           99%         2
 Call Canine Familiar     Summ           0%           100%        3
 Frozen Ramparts          Ice            0%           100%        3
 Ignite Poison            Fire/Tmut/Pois 0%           100%        3
 Lesser Beckoning         Tloc           0%           100%        3
 Mephitic Cloud           Conj/Pois/Air  0%           100%        3
 Ozocubu's Armour         Ice            0%           100%        3
 Static Discharge         Conj/Air       0%           100%        3
 Stone Arrow              Conj/Erth      0%           100%        3
 Summon Guardian Golem    Hex/Summ       0%           100%        3
 Tukima's Dance           Hex            0%           100%        3
 Vampiric Draining        Necr           0%           100%        3
 Airstrike                Air            0%           100%        4
 Animate Dead             Necr           0%           100%        4
 Dispel Undead            Necr           0%           100%        4
 Fulminant Prism          Conj/Hex       0%           100%        4
 Hailstorm                Conj/Ice       0%           100%        4
 Leda's Liquefaction      Hex/Erth       0%           100%        4
 Olgreb's Toxic Radiance  Pois           0%           100%        4
 Sticky Flame             Conj/Fire      0%           100%        4
 Summon Ice Beast         Ice/Summ       0%           100%        4
 Summon Lightning Spire   Summ/Air       0%           100%        4
 Agony                    Necr           0%           100%        5
 Alistair's Intoxication  Tmut/Pois      0%           100%        5
 Bolt of Magma            Conj/Fire/Erth 0%           100%        5
 Excruciating Wounds      Necr           0%           100%        5
 Lightning Bolt           Conj/Air       0%           100%        5
 Metabolic Englaciation   Hex/Ice        0%           100%        5
 Invisibility             Hex            0%           100%        6
 Iron Shot                Conj/Erth      0%           100%        6
 Statue Form              Tmut/Erth      0%           100%        6
 Shatter                  Erth           0%           100%        9


Dungeon Overview and Level Annotations

Branches:
Dungeon (15/15)            Temple (0/1) D:7            Lair (6/6) D:8
  Swamp (4/4) Lair:3        Snake (3/4) Lair:2        Slime (0/5) Lair:5
    Orc (2/2) D:10            Elf (0/3) Orc:2        Vaults (0/5) D:13
 Depths (0/5) D:15

Altars:
Ashenzari
Dithmenos
Fedhas
Qazlal
Vehumet
Wu Jian
Xom
Yredelemnul
Jiyva

Shops:
D:9 [*[*   D:14 ?:*   Orc:2 !*![

Portals:
Bazaar: D:14

Annotations:
D:11 3 runed translucent doors, voshxx's ghost, journeyman SpBr
D:13 2 transporters, exclusion: 2 ice statues, Runute's ghost, journeyman GrEE; anything's ghost, adept OgFE; chispire's ghost, journeyman DsBe
Lair:3 3 runed translucent doors, DungeonDestroyer's ghost, journeyman GnAK; Lonelite's ghost, journeyman DECj
Snake:3 Asterion


Innate Abilities, Weirdness & Mutations

You have claws for hands.
You sometimes gain a little power by taking damage.
You are robust. (+10% HP)
You are partially covered in sharp spines.
When seriously injured, your bleeding wounds create thick armour. (AC +9)


Message History

Asterion says, "Your valuables will do nicely in my coffers."
You block Asterion's attack. x2
Asterion blocks your attack.
Asterion is moderately wounded.
You are covered in liquid flames!
You block Asterion's attack. x2; The balrug is struck by your spines.
The balrug hits you with a +1 demon whip of venom!
You are engulfed in flames!!
You focus on the pain.
You feel very mighty all of a sudden.
You claw Asterion!
Asterion is moderately wounded.
You are covered in liquid flames!
You block Asterion's attack. Asterion gores you but does no damage.
You block the balrug's attack.
You mangle Asterion!!
Asterion is severely wounded.
You block Asterion's attack. Asterion barely misses you.
You block the balrug's attack.
Asterion conjures a destructive force in the name of Makhleb!
The sticky flame hits you but does no damage.
You are covered in liquid flames!
You claw Asterion!
Asterion is severely wounded.
You are covered in liquid flames!
The balrug hits you with a +1 demon whip of venom.
You are engulfed in flames!!
Your blood congeals into armour.
You are poisoned.
Asterion conjures a destructive force in the name of Makhleb!
The sticky flame hits you but does no damage.
You are covered in liquid flames!
Asterion blocks your attack.
Asterion is severely wounded.
You are covered in liquid flames!
You feel sick. You block the balrug's attack.
Asterion hits you with a +2 morningstar of protection!!
You block Asterion's attack. Asterion blocks your attack.
Asterion is severely wounded.
You are covered in liquid flames!
You block the balrug's attack. You block Asterion's attack. x2
Asterion blocks your attack.
Asterion is severely wounded.
You are covered in liquid flames!
You feel sick.
Asterion looks more healthy.
The balrug hits you but does no damage.
Asterion conjures a destructive force in the name of Makhleb!
The bolt of lightning hits you!!!
* * * LOW HITPOINT WARNING * * *
You focus on the pain.
You feel mightier all of a sudden.
Really quaff
s - 3 potions of heal wounds {@q2 !q}?
You feel much better.
You are covered in liquid flames!
* * * LOW HITPOINT WARNING * * *
The balrug is struck by your spines.
The balrug hits you with a +1 demon whip of venom!
* * * LOW HITPOINT WARNING * * *
You are engulfed in flames!!
* * * LOW HITPOINT WARNING * * *
You are more poisoned.
You block Asterion's attack. x2
Really quaff
s - 2 potions of heal wounds {@q2 !q}?
You feel much better.
You are covered in liquid flames!
* * * LOW HITPOINT WARNING * * *
You feel sick.
You block Asterion's attack. x2; You block the balrug's attack.
Blink to where?
Press: ? - help, Dir - move target, p - Asterion
As you read the scroll of blinking {@r4}, it crumbles to dust.
You are covered in liquid flames!
* * * LOW HITPOINT WARNING * * *
You feel sick.
Really quaff
s - a potion of heal wounds {@q2 !q}?
Okay, then.
Evoke which item? (* to show all) (? for menu, Esc to quit)
Aiming: Iceblast
Press: ? - help, Shift-Dir - straight line The mass of ice explodes!
The iceblast engulfs Asterion.
Asterion is severely wounded.
You are covered in liquid flames!
* * * LOW HITPOINT WARNING * * *
You feel sick.
Blink to where?
Press: ? - help, Dir - move target
As you read the scroll of blinking {@r4}, it crumbles to dust.
You are covered in liquid flames!
* * * LOW HITPOINT WARNING * * *
You feel sick.
You are covered in liquid flames!
* * * LOW HITPOINT WARNING * * *
You feel sick.
Really quaff
l - 15 potions of curing {@q1 !q}?
You feel better.
You are covered in liquid flames!
* * * LOW HITPOINT WARNING * * *
There is a stone staircase leading up here.
Asterion conjures a destructive force in the name of Makhleb!
The bolt of negative energy hits you!!
You feel drained.
You die...
Fedhas appreciates your contribution to the ecosystem.

#..###§.## #.....## .
##..##H## .. #..###..#
..(###.## ##.### ##.
....§2.# #...#####....
...2†.## #..........#
......# ###.........#
......# #......@....#
.....................#
..............######.#
...........#... #
..........###.. ... #.
.. #.


You could see Asterion (fast, strong).

Vanquished Creatures
  Nikola (Swamp:2)
  Jorgrun (Swamp:2)
  2 fenstrider witches
  Aizul (Snake:1)
  Louise (D:15)
  A stone giant (Orc:1)
  5 bunyips
  A dire elephant (Lair:6)
  4 eleionomae
  4 vault guards (D:13)
  A rakshasa (D:14)
  2 ice dragons (D:15)
  26 hydras
  2 naga warriors (Snake:2)
  3 catoblepae (Lair:6)
  2 boulder beetles
  3 ghost crabs
  10 alligators
  2 centaur warriors
  7 two-headed ogres
  7 anacondas
  6 death yaks
  A deep troll shaman (Lair:6)
  4 shock serpents
  13 naga sharpshooters
  A spriggan berserker (Swamp:4)
  Nergalle (Lair:3)
  6 goliath frogs
  A salamander mystic (Snake:2)
  A sea snake (Snake:2)
  10 swamp dragons
  10 bog bodies
  Pikel (D:6)
  4 naga ritualists
  4 orc knights
  A wolf spider zombie (D:15)
  3 will-o-the-wisps
  An orc sorcerer (D:15)
  6 salamanders
  14 ugly things
  10 mana vipers
  3 manticores
  4 cyclopes
  2 guardian serpents
  21 elephants
  26 black mambas
  5 naga magi
  A gargoyle (D:13)
  15 cane toads
  5 rime drakes
  2 ice devils (D:11)
  2 kobold demonologists
  14 komodo dragons
  4 yaktaurs (D:15)
  3 efreet
  A polar bear (Lair:6)
  3 tengu conjurers (D:15)
  2 bloated husks
  Prince Ribbit (D:6)
  7 trolls
  8 tyrant leeches
  A wolf spider simulacrum (D:14)
  9 hornets
  12 blink frogs
  A harpy skeleton (D:15)
  18 slime creatures
  Sigmund (D:5)
  2 vampires
  5 spriggans
  A tarantella (shapeshifter) (D:13)
  4 wraiths
  A fire bat (Lair:1)
  6 wyverns
  2 shadows
  36 yaks
  5 basilisks
  7 vampire mosquitoes
  A steam dragon (Lair:3)
  12 nagas
  4 wargs
  A soldier ant (D:10)
  21 swamp worms
  An acid dragon (D:12)
  21 water moccasins
  9 swamp drakes
  5 sky beasts
  38 orc warriors
  A hornet zombie (D:14)
  6 ice beasts
  4 phantoms
  An eye of draining (D:10)
  15 ogres
  4 boggarts (D:14)
  18 centaurs
  19 wolves
  4 lemures
  3 big kobolds
  Blork the orc (D:6)
  20 bullfrogs
  A wyvern zombie (D:12)
  7 scorpions
  13 killer bees
  5 howler monkeys
  9 wights
  4 electric eels
  6 bullfrog zombies
  2 quasits
  4 centaur skeletons
  9 hounds
  2 jellies
  4 centaur zombies
  21 orc priests
  25 orc wizards
  Ijyb (D:5)
  11 iguanas
  8 worker ants
  2 hound zombies
  2 hound skeletons
  A worker ant zombie (D:6)
  2 howler monkey skeletons
  9 adders
  3 gnolls (Orc:1)
  2 shadow imps (D:5)
  2 white imps (D:5)
  5 ufetubi
  An ooze (D:5)
  3 worms
  A dart slug (D:3)
  5 leopard geckos
  102 orcs
  4 ball pythons
  5 giant cockroaches
  8 goblins
  6 hobgoblins
  5 jackals
  22 kobolds
  2 quokkas
  6 bats
  2 frilled lizards
  A jackal skeleton (D:5)
  A leopard gecko zombie (D:5)
  A quokka skeleton (D:4)
  10 rats
978 creatures vanquished.

Vanquished Creatures (collateral kills)
  An orc knight (Orc:1)
  3 elephants (Lair:6)
  A yak (Lair:3)
  A water moccasin (Lair:6)
  An orc warrior (Orc:1)
  5 ballistomycete spores (D:13)
12 creatures vanquished.

Vanquished Creatures (others)
  A thorn hunter (Swamp:4)
  2 shambling mangroves (Swamp:4)
  A hydra (Swamp:4)
  A spriggan (Swamp:3)
  A swamp dragon (Swamp:4)
  A will-o-the-wisp (Swamp:4)
  A hornet (Swamp:3)
  2 bloated husks
  A troll (D:9)
  A tyrant leech (Swamp:4)
  A yak (D:9)
  A swamp drake (Swamp:3)
  A black bear (D:9)
  An orc warrior (D:9)
  An eye of draining (D:13)
  A centaur (D:9)
  A big kobold (D:9)
  3 orc priests
  An adder (D:9)
  A howler monkey skeleton (D:9)
  2 orcs
  2 kobolds (D:9)
  3 bushes (D:10)
  6 foxfires (Swamp:3)
  38 fungi
  74 plants
149 creatures vanquished.

Grand Total: 1139 creatures vanquished

Notes
Turn   | Place    | Note
-------+----------+-------------------------------------------
     0 | D:1      | EnegeticOcto the Demonspawn Wanderer began the quest for
                  | the Orb.
     0 | D:1      | EnegeticOcto set off with the following items: a +2 dagger,
                  | a potion of berserk rage, a +0 spear, a +0 ring mail
     0 | D:1      | Reached XP level 1. HP: 19/19 MP: 1/1
   761 | D:1      | Gained mutation: You are partially covered in sharp spines.
                  | [demonic ancestry]
   761 | D:1      | Reached XP level 2. HP: 25/25 MP: 2/2
   821 | D:1      | Reached skill level 1 in Short Blades
  1660 | D:2      | Reached skill level 2 in Short Blades
  1660 | D:2      | Reached XP level 3. HP: 26/30 MP: 3/3
  2374 | D:3      | Reached skill level 3 in Short Blades
  2374 | D:3      | Reached XP level 4. HP: 34/37 MP: 4/4
  3191 | D:3      | Found an ornate altar of the Wu Jian Council.
  3193 | D:3      | Found a stormy altar of Qazlal.
  3193 | D:3      | Found a blossoming altar of Fedhas.
  3194 | D:3      | Found a basalt altar of Yredelemnul.
  3305 | D:3      | Became a worshipper of Fedhas Madash
  3324 | D:3      | Reached skill level 4 in Short Blades
  3674 | D:4      | Reached XP level 5. HP: 36/43 MP: 5/5
  5015 | D:5      | Entered Level 5 of the Dungeon
  5015 | D:5      | Noticed an ice beast
  5124 | D:4      | Killed an ice beast
  5125 | D:4      | Reached skill level 5 in Fighting
  5125 | D:4      | Gained mutation: You have sharp fingernails. [demonic
                  | ancestry]
  5125 | D:4      | Reached XP level 6. HP: 43/51 MP: 6/6
  5192 | D:5      | Reached skill level 1 in Unarmed Combat
  5291 | D:5      | Reached skill level 2 in Unarmed Combat
  5321 | D:5      | Reached skill level 3 in Unarmed Combat
  5523 | D:5      | Reached XP level 7. HP: 41/56 MP: 7/7
  5691 | D:5      | Reached * piety under Fedhas
  5704 | D:5      | Reached skill level 4 in Unarmed Combat
  6056 | D:5      | Reached skill level 5 in Unarmed Combat
  6062 | D:5      | Noticed Ijyb
  6082 | D:5      | Killed Ijyb
  6375 | D:5      | Noticed Sigmund
  6591 | D:5      | Killed Sigmund
  6592 | D:5      | Reached skill level 6 in Unarmed Combat
  6592 | D:5      | Gained mutation: You have very sharp fingernails. [demonic
                  | ancestry]
  6592 | D:5      | Reached XP level 8. HP: 54/62 MP: 8/8
  7229 | D:6      | Reached skill level 7 in Unarmed Combat
  7229 | D:6      | Reached skill level 1 in Invocations
  7291 | D:5      | Reached skill level 2 in Invocations
  7291 | D:5      | Reached skill level 2 in Evocations
  7630 | D:6      | Noticed Pikel
  7837 | D:6      | Noticed Prince Ribbit
  7849 | D:5      | Reached skill level 3 in Invocations
  7922 | D:6      | Reached ** piety under Fedhas
  8194 | D:6      | Reached skill level 8 in Unarmed Combat
  8315 | D:6      | Reached skill level 3 in Evocations
  8452 | D:6      | Noticed Blork the orc
  8465 | D:6      | Killed Blork the orc
  8466 | D:6      | Reached XP level 9. HP: 44/68 MP: 11/11
  8619 | D:6      | Reached skill level 4 in Invocations
  8869 | D:6      | Killed Prince Ribbit
  8944 | D:6      | Killed Pikel
  8945 | D:6      | Reached skill level 5 in Invocations
  8945 | D:6      | Reached skill level 4 in Evocations
  9131 | D:6      | Reached skill level 9 in Unarmed Combat
  9343 | D:7      | Found a shadowy altar of Dithmenos.
  9372 | D:7      | Found a staircase to the Ecumenical Temple.
  9536 | D:7      | Reached skill level 6 in Invocations
  9786 | D:7      | Found a broken altar of Ashenzari.
 10074 | D:7      | Reached skill level 3 in Armour
 10074 | D:7      | Reached skill level 1 in Dodging
 10531 | D:8      | Found a radiant altar of Vehumet.
 10563 | D:8      | Reached *** piety under Fedhas
 10640 | D:8      | Gained mutation: When seriously injured, your bleeding
                  | wounds create armour. (AC +9) [demonic ancestry]
 10640 | D:8      | Reached XP level 10. HP: 67/76 MP: 14/14
 10663 | D:8      | Reached skill level 2 in Dodging
 10823 | D:8      | Noticed a two-headed ogre
 10866 | D:8      | Killed a two-headed ogre
 10867 | D:8      | Reached skill level 6 in Fighting
 10867 | D:8      | Reached skill level 10 in Unarmed Combat
 11018 | D:8      | Found a staircase to the Lair.
 11372 | D:8      | Reached skill level 4 in Armour
 11696 | D:9      | Reached skill level 3 in Dodging
 11800 | D:9      | Found a shimmering altar of Xom.
 11989 | D:9      | Found Noamot's General Store.
 12232 | D:9      | Bought a scroll of identify for 28 gold pieces
 12232 | D:9      | Bought a scroll of identify for 28 gold pieces
 12233 | D:9      | Reached skill level 11 in Fighting
 12233 | D:9      | Gained mutation: You sometimes gain a little power by
                  | taking damage. [demonic ancestry]
 12233 | D:9      | Reached XP level 11. HP: 93/93 MP: 15/15
 12486 | D:9      | Found Ustiusk's Antique Armour Shop.
 12489 | D:9      | Bought a runed plate armour for 702 gold pieces
 12776 | D:9      | Found Pavosa Wou's Armour Boutique.
 12781 | D:9      | Bought a +0 cloak for 63 gold pieces
 12790 | D:9      | Found Fauscho's Assorted Antiques.
 12807 | D:9      | Noticed a two-headed ogre
 12821 | D:9      | Killed a two-headed ogre
 12966 | D:10     | Entered Level 10 of the Dungeon
 13015 | D:10     | Reached skill level 4 in Dodging
 13015 | D:10     | Reached skill level 11 in Unarmed Combat
 13148 | D:10     | Noticed a two-headed ogre
 13160 | D:10     | Killed a two-headed ogre
 13866 | D:10     | Reached skill level 5 in Armour
 13949 | D:10     | Found a staircase to the Orcish Mines.
 14018 | D:10     | Reached XP level 12. HP: 69/100 MP: 16/16
 14582 | Lair:1   | Entered Level 1 of the Lair of Beasts
 14957 | Lair:1   | Reached **** piety under Fedhas
 15049 | Lair:1   | Noticed Sonja
 15050 | Lair:1   | Noticed Sonja
 15050 | Lair:1   | Sonja changed into Sonja the fire bat
 15059 | Lair:1   | Killed Sonja the fire bat
 15094 | Lair:1   | Reached skill level 12 in Unarmed Combat
 15508 | Lair:1   | Reached skill level 6 in Armour
 15796 | Lair:2   | Noticed a four-headed hydra
 15817 | Lair:2   | Killed a four-headed hydra
 16239 | Lair:2   | Found a staircase to the Snake Pit.
 16575 | D:9      | Bought a tower shield for 90 gold pieces
 16773 | Lair:3   | Found a staircase to the Swamp.
 16773 | Lair:3   | Noticed a seven-headed hydra
 16780 | Lair:2   | Killed a seven-headed hydra
 16781 | Lair:2   | Reached skill level 1 in Shields
 17184 | Lair:2   | Reached skill level 2 in Shields
 17199 | Lair:2   | Reached skill level 7 in Invocations
 17657 | Lair:2   | Reached skill level 5 in Evocations
 17897 | Lair:3   | Got a pearl-encrusted chain mail
 17914 | Lair:3   | Reached skill level 3 in Shields
 17937 | Lair:2   | Identified the +2 chain mail of Responsibility {*Corrode
                  | rN++ Dex+4} (You found it on level 3 of the Lair of Beasts)
 18171 | Lair:3   | Reached skill level 4 in Shields
 18429 | Lair:3   | Reached skill level 8 in Invocations
 18441 | Lair:3   | Gained mutation: When seriously injured, your bleeding
                  | wounds create thick armour. (AC +9) [demonic ancestry]
 18441 | Lair:3   | Reached XP level 13. HP: 98/106 MP: 19/19
 18795 | Lair:3   | Reached skill level 5 in Shields
 18801 | Lair:3   | Found a runed translucent gate.
 18801 | Lair:3   | Found a runed translucent gate.
 18970 | Lair:3   | Reached skill level 6 in Evocations
 19186 | Lair:3   | Noticed Nergalle
 19306 | Lair:3   | Killed Nergalle
 19474 | Lair:3   | Found a runed translucent gate.
 19489 | Lair:3   | Noticed DungeonDestroyer's ghost (journeyman GnAK)
 19490 | Lair:3   | Noticed Lonelite's ghost (journeyman DECj)
 20295 | Lair:4   | Reached skill level 6 in Shields
 20295 | Lair:4   | Reached skill level 9 in Invocations
 21769 | Lair:5   | Found a viscous altar of Jiyva.
 21994 | Lair:5   | You fall into a shaft and drop 1 floor!
 21994 | Lair:6   | Entered Level 6 of the Lair of Beasts
 22078 | Lair:6   | Reached skill level 7 in Shields
 22387 | Lair:6   | Reached ***** piety under Fedhas
 22394 | Lair:6   | Reached skill level 10 in Invocations
 22562 | Lair:5   | Found a staircase to the Slime Pits.
 22745 | Lair:5   | Identified Bapoared's Disquisition on the Hurtful
                  | Snowflakes
 23020 | Lair:6   | Reached skill level 8 in Shields
 23543 | Lair:6   | Reached skill level 9 in Shields
 24322 | Lair:5   | Reached skill level 10 in Shields
 24659 | Lair:6   | Reached XP level 14. HP: 75/113 MP: 21/21
 26747 | Lair:6   | Reached skill level 13 in Unarmed Combat
 27640 | D:11     | Found a runed translucent gate.
 27640 | D:11     | Found a runed translucent gate.
 27641 | D:11     | Found a runed translucent gate.
 27643 | D:11     | Noticed voshxx's ghost (journeyman SpBr)
 27885 | D:11     | Reached ****** piety under Fedhas
 28019 | D:11     | Found a frozen archway.
 28585 | D:10     | Noticed a fire giant
 28585 | D:10     | Noticed a storm dragon
 28977 | D:12     | Reached skill level 11 in Shields
 29167 | D:12     | Reached skill level 11 in Invocations
 29686 | D:12     | Reached skill level 7 in Armour
 31005 | Orc:1    | Entered Level 1 of the Orcish Mines
 31352 | Orc:1    | Found a radiant altar of Vehumet.
 32030 | Orc:2    | Entered Level 2 of the Orcish Mines
 32031 | Orc:2    | Found a staircase to the Elven Halls.
 33227 | Orc:2    | Noticed a stone giant
 33674 | Orc:1    | Killed a stone giant
 33675 | Orc:1    | Reached skill level 12 in Fighting
 35288 | Orc:2    | Found Vethrah's Distillery.
 35288 | Orc:2    | Found Qekluk's Assorted Antiques.
 35290 | Orc:2    | Found Yclem's Distillery.
 35292 | Orc:2    | Found Hememem's Armour Shoppe.
 35299 | Orc:2    | Bought a potion of haste for 160 gold pieces
 35299 | Orc:2    | Bought a potion of might for 64 gold pieces
 35307 | Orc:2    | Bought a heavily runed iron ring for 150 gold pieces
 35307 | Orc:2    | Identified the ring "Casuh" {*Contam Str+10 Int+6 Slay+3
                  | SInv} (You bought it in a shop on level 2 of the Orcish
                  | Mines)
 35312 | Orc:2    | Bought a glowing plate armour for 780 gold pieces
 35324 | Orc:2    | Bought a potion of heal wounds for 70 gold pieces
 35324 | Orc:2    | Bought a potion of heal wounds for 70 gold pieces
 35442 | D:9      | Bought a helmet for 121 gold pieces
 35563 | D:13     | Found a transporter.
 35576 | D:13     | Noticed anything's ghost (adept OgFE)
 35576 | D:13     | Noticed chispire's ghost (journeyman DsBe)
 35594 | D:13     | Found a transporter.
 35604 | D:13     | Gained mutation: You are robust. (+10% HP) [demonic
                  | ancestry]
 35604 | D:13     | Reached XP level 15. HP: 95/132 MP: 23/23
 35613 | D:13     | Noticed Runute's ghost (journeyman GrEE)
 35823 | D:13     | Found a gate to the Vaults.
 36142 | D:13     | Reached skill level 12 in Shields
 36254 | D:13     | Reached skill level 12 in Invocations
 37048 | D:14     | Reached skill level 8 in Armour
 37256 | D:14     | Found Jurchag's Assorted Antiques.
 37264 | D:14     | Bought a steaming golden amulet for 170 gold pieces
 37264 | D:14     | Identified the amulet "Tyiwn" {Spirit Str+5 Slay+3} (You
                  | bought it in a shop on level 14 of the Dungeon)
 37445 | D:14     | Found a gateway to a bazaar.
 37738 | D:14     | Found Sissaala's Magic Scroll Shoppe.
 37740 | D:14     | Found Gasol's Book Boutique.
 37972 | D:15     | Entered Level 15 of the Dungeon
 39129 | D:15     | Identified the +2 tower shield of Contentment {-Cast Str+2
                  | Dex+3}
 39129 | D:15     | Noticed Louise
 39148 | D:15     | Killed Louise
 39149 | D:15     | Reached skill level 13 in Shields
 39206 | D:15     | Reached skill level 13 in Invocations
 39283 | D:15     | Found a staircase to the Depths.
 39696 | Swamp:1  | Entered Level 1 of the Swamp
 39828 | Swamp:1  | Reached skill level 14 in Unarmed Combat
 39897 | Swamp:1  | Gained mutation: You have claws for hands. [demonic
                  | ancestry]
 39897 | Swamp:1  | Reached XP level 16. HP: 141/141 MP: 25/25
 40173 | Swamp:1  | Paralysed by a fenstrider witch for 4 turns
 40782 | Swamp:2  | Reached skill level 13 in Fighting
 40983 | Swamp:2  | Noticed Nikola
 41000 | Swamp:2  | Killed Nikola
 41192 | Swamp:2  | Found a basalt altar of Yredelemnul.
 41272 | Swamp:2  | Noticed Jorgrun
 41290 | Swamp:2  | Killed Jorgrun
 42047 | Swamp:3  | Reached skill level 5 in Dodging
 42960 | Swamp:4  | Entered Level 4 of the Swamp
 43259 | Swamp:4  | Killed a thorn hunter
 43358 | Swamp:4  | Reached skill level 14 in Shields
 43388 | Swamp:4  | Reached skill level 14 in Invocations
 43479 | Swamp:4  | Reached skill level 9 in Armour
 43977 | Swamp:4  | Reached XP level 17. HP: 73/150 MP: 14/27
 44185 | Swamp:4  | Reached skill level 6 in Dodging
 44722 | Swamp:4  | Got a decaying rune of Zot
 44908 | Snake:1  | Entered Level 1 of the Snake Pit
 44908 | Snake:1  | Found a flickering gateway to a bazaar.
 44966 | Bazaar   | Entered a bazaar
 45180 | Bazaar   | Found Pumets's General Store.
 45184 | Bazaar   | Found Uwkad's Antique Armour Boutique.
 45184 | Bazaar   | Found Ydefyn Feta's Antique Weapon Boutique.
 45185 | Bazaar   | Found Ata Qechi's Armour Boutique.
 45208 | Bazaar   | Bought a runed cloak for 105 gold pieces
 45757 | Snake:1  | Noticed Aizul
 45787 | Snake:1  | Killed Aizul
 47451 | Snake:2  | Reached skill level 14 in Fighting
 47484 | Snake:2  | Reached skill level 7 in Dodging
 47809 | Snake:2  | Reached skill level 15 in Shields
 48100 | Snake:3  | Noticed Asterion
 48127 | Snake:3  | Killed from afar by Asterion

Illustrated notes

Levels and vault maps discovered:
D:1:      amcnicky_arrival_flooded_fountain, layout_basic, kennysheep_boxes
D:2:      layout_rooms
D:3:      layout_loops_ring, grunt_temple_overflow_open, minmay_misc_feat_tower
D:4:      layout_loops_ring, serial_co_window_serial, co_window_corner_a,
          co_window_corner_a, co_window_of_opportunity_a, co_window_corner_a,
          co_window_paths_a, co_window_corner_a, co_window_paths_a,
          co_window_of_opportunity_a, co_window_paths_a,
          co_window_of_opportunity_c, co_window_of_opportunity_c,
          co_window_cross_3, co_window_of_opportunity_b, co_window_paths_e,
          glass_columns_b, glass_columns_c, grunt_ministairs_8, minmay_bent
D:5:      minmay_polygon_palace, layout_loops_ring, ebering_ghost_disaster_area,
          minmay_joined_circles, uniq_sigmund, uniq_ijyb
D:6:      layout_loops_ring, uniq_pikel, uniq_blork_the_orc, uniq_prince_ribbit1
D:7:      layout_loops_corners, lemuel_round_altar,
          nicolae_dithmenos_shadow_blocks, minmay_temple_entry_slanted
D:8:      layout_basic, vehumet_crystals, grunt_lair_entry_orc_guard_hut,
          eino_jars
D:9:      layout_roguey, serial_shops, shop, shop, shop,
          nicolae_shop_behind_doors, serial_bayou_pond_d,
          minmay_misc_feat_encased, grunt_ministairs_6, xom_confusion_cloud
D:10:     minmay_klotski, layout_basic, david_orc_3, serial_park_tiny_1
D:11:     layout_loops_corners, portal_ice_cave_demonic_guard,
          gammafunk_ghost_nasty_kobolds, minmay_lizard_king
D:12:     layout_grid_maze, drop_trap, nrook_guardian_serpent_ordinary
D:13:     layout_long_grid, lightli_vaults_fourway_checkpoint, nzn_ghost_randoct
D:14:     layout_rooms, serial_shops, bzr_entry_lakeside, shop, shop,
          nicolae_shop_behind_doors, minmay_misc_feat_columns,
          minmay_variable_closet, minmay_misc_feat_diagonals
D:15:     grunt_enter_depths_hoard, layout_basic, minmay_stone_trees_medium,
          minmay_stone_trees_small, uniq_louise
Lair:1:   layout_chaotic_city, beast_lair_carwin_6, lemuel_fruit_tree,
          uniq_sonja
Lair:2:   layout_gridlike, minmay_snake_entry_six_corridors,
          hangedman_lair_unloving_vines, hibernation_bobbens,
          minmay_lair_oklob_chamber, grunt_megastairs_4
Lair:3:   layout_loops_ring, swamp_mist, gammafunk_ghost_cemetery, uniq_nergalle
Lair:4:   layout_hall_layers
Lair:5:   layout_cave_pods, slime_altar_1, infiniplex_staircase_pool
Lair:6:   grunt_lair_end_beastmaster, layout_layer_cave, grunt_megastairs_2
Swamp:1:  layout_basic_swamp, evilmike_swamp_ruin_rubble_2
Swamp:2:  layout_basic_swamp, lemuel_altar_in_water, uniq_nikola, uniq_jorgrun
Swamp:3:  layout_basic_swamp, evilmike_swamp_ruin_house_4, swamp_pool5
Swamp:4:  swamp_basic_johnstein, layout_basic_swamp
Snake:1:  layout_layer_cave, serial_shops, bzr_entry_islet, uniq_aizul
Snake:2:  layout_cave_shapes, serial_bayou_shore_a, grunt_megastairs_5
Snake:3:  layout_layer_cave, portal_ice_cave_entry_pillars_2, serial_shops,
          nicolae_shop_competitors_out_of_business, minmay_shop_grove,
          uniq_asterion
Orc:1:    layout_caves, basic_altar
Orc:2:    st_orc_rangers, layout_diamond_mine, nicolae_orc_rockfall,
          nicolae_orc_lava_room

Skill      XL: |  1  2  3  4  5  6  7  8  9 10 11 12 13 14 15 16 17 |
---------------+----------------------------------------------------+-----
Short Blades   | 2 3 4 |  4.3
Fighting       | 5 11 12 13 14 | 14.0
Unarmed Combat | 3 6 8 9 10 11 12 13 14 | 14.9
Invocations    | 3 6 8 10 11 13 14 | 14.9
Evocations     | 3 4 5 6 |  6.0
Armour         | 3 4 5 6 7 8 9 |  9.9
Dodging        | 1 3 4 5 7 |  7.1
Shields        | 4 10 11 13 14 15 | 15.0
Polearms       | |  1.2
Stealth        | |  1.0

Action                   |  1- 3 |  4- 6 |  7- 9 | 10-12 | 13-15 | 16-18 || total
-------------------------+-------+-------+-------+-------+-------+-------++-------
Melee: Spear             |    24 |       |       |       |       |       ||    24
       Dagger            |    72 |   148 |   192 |       |       |       ||   412
       Rapier            |       |    22 |    13 |       |       |       ||    35
       Unarmed           |       |       |   155 |   502 |  1653 |   772 ||  3082
       Punch             |       |       |    10 |    18 |       |       ||    28
Throw: Stone             |     5 |     4 |     5 |       |     1 |       ||    15
       Dart              |       |       |       |       |     4 |     3 ||     7
Invok: Wall of Briars    |       |       |     1 |    11 |     7 |     3 ||    22
       Grow Ballistomyce |       |       |       |     1 |     1 |       ||     2
Evoke: Wand              |       |       |     5 |    10 |     3 |    20 ||    38
       Box of beasts     |       |       |       |       |     2 |       ||     2
       Tin of tremorston |       |       |       |       |     2 |     4 ||     6
  Use: Potion            |     1 |       |       |     1 |     2 |     6 ||    10
       Scroll            |     5 |     8 |     6 |     4 |    19 |     7 ||    49
 Stab: Sleeping          |       |       |     1 |     1 |       |       ||     2
       Confused          |       |       |       |     1 |       |     1 ||     2
       Paralysed         |       |       |       |       |       |     4 ||     4
Armor: Ring mail         |    37 |    29 |   101 |    28 |       |       ||   195
       Plate armour      |       |       |       |   222 |   595 |   371 ||  1188
       Chain mail        |       |       |       |     8 |    66 |       ||    74
Dodge: Dodged            |    39 |    50 |   115 |   145 |   281 |   205 ||   835
Block: Tower shield      |       |       |       |   102 |  1456 |   943 ||  2501

Table legend: (Time is in decaauts)
 A = Elapsed time spent in this place.
 B = Non-inter-level travel time spent in this place.
 C = Inter-level travel time spent in this place.
 D = Time resting spent in this place.
 E = Time spent auto-exploring this place.
 F = Levels seen in this place.
 G = Mean time per level.
                   A        B        C        D        E       F      G
               +--------+--------+--------+--------+--------+-----+--------+
         Total |  47940 |  45418 |   2522 |   4806 |  32970 |  31 | 1546.5 |
       Dungeon |  22529 |  21039 |   1490 |   2251 |  14759 |  15 | 1501.9 |
          Lair |  12754 |  12122 |    632 |    795 |   9753 |   6 | 2125.7 |
         Swamp |   5323 |   5161 |    162 |   1034 |   3250 |   4 | 1330.8 |
     Snake Pit |   2904 |   2866 |     38 |      8 |   2322 |   3 |  968.0 |
  Orcish Mines |   4172 |   3974 |    198 |    717 |   2645 |   2 | 2086.0 |
        Bazaar |    257 |    257 |      0 |      0 |    240 |   1 |  257.0 |
               +--------+--------+--------+--------+--------+-----+--------+

Top non-repeatable levels by time:
   Orc:1: 3464 daAuts
  Lair:6: 3014 daAuts
  Lair:5: 2503 daAuts
  Lair:2: 2400 daAuts
     D:5: 2264 daAuts
    D:10: 1987 daAuts
  Lair:3: 1902 daAuts
 Snake:1: 1850 daAuts
    D:11: 1727 daAuts
     D:6: 1716 daAuts
    D:12: 1705 daAuts
 Swamp:4: 1684 daAuts
     D:1: 1649 daAuts
     D:9: 1613 daAuts
  Lair:4: 1606 daAuts
